 Dungeon Crawl Stone Soup version 0.31.0-1-g2c135a0 (webtiles) character file.

Game seed: 10504165638505887258

21 jagoly the Trooper (level 2, -1/19 HPs)
             Began as a Gargoyle Monk on Feb 3, 2024.
             Slain by an orc
             ... wielding a +0 flail
              (2 damage)
             ... on level 3 of the Dungeon.
             The game lasted 00:01:47 (198 turns).

jagoly the Trooper (Gargoyle Monk)                   Turns: 198, Time: 00:01:48

Health: -1/19      AC:  9    Str: 14    XL:     2   Next: 83%
Magic:  2/2        EV:  9    Int: 10    God:
Gold:   0          SH:  0    Dex: 12    Spells: 1/1 levels left

rFire   . . .        a - +0 hand axe
rCold   . . .        d - orb {light}
rNeg    + . .        g - +0 scale mail {Will+}
rPois   ∞            (no helmet)
rElec   +            (no cloak)
rCorr   .            (no gloves)
SInv    .            (no boots)
Will    +....        (no amulet) Stlth
                     (no ring)
HPRegen 0.23/turn    (no ring)
MPRegen 0.08/turn

%: no passive effects
@: glowing
A: sickness immunity, AC +2, negative energy resistance 1, electricity
resistance, torment resistance 1, petrification resistance
a: no special abilities


You were on level 3 of the Dungeon.
You visited 1 branch of the dungeon, and saw 4 of its levels.

Inventory:

Hand Weapons
 a - a +0 hand axe (weapon)
 j - a +0 trident
Missiles
 e - 13 stones (quivered)
 h - 5 poisoned darts
 i - 3 boomerangs
Armour
 b - a +0 robe
 d - an orb of light (worn)
 g - a +0 scale mail of willpower (worn)
Scrolls
 f - 2 scrolls of identify {unknown}
Potions
 c - a potion of ambrosia


   Skills:
 + Level 3.5 Fighting
 * Level 3.1 Axes
 + Level 1.0 Armour
 + Level 2.6 Dodging


You had one spell level left.
You didn't know any spells.
Your spell library was empty.

Dungeon Overview and Level Annotations

Branches:
Dungeon (4/15) Zot: 23795
 Temple: D:4-7

Altars:


Innate Abilities, Weirdness & Mutations

You are immune to sickness and miasma.
Your stone body is resilient. (AC +2)
You are immune to poison.
You resist negative energy. (rN+)
You are resistant to electric shocks. (rElec)
You are resistant to unholy torment.
You are immune to petrification.


Message History

Welcome, jagoly the Gargoyle Monk.
It is said that the Orb of Zot exists deep within this dungeon.
Press ? for a list of commands and other information.
Found 4 stones.
Found a staircase leading out of the dungeon.
You see here 4 stones.
e - 4 stones A kobold comes into view. It is wielding a +0 short sword.
Found a scroll labelled UMMEXY ROSE.
The kobold shouts!
The kobold moves out of view.
You hit the kobold.
The kobold is severely wounded.
The kobold closely misses you.
You hit the kobold.
You kill the kobold!
No target in view!
A giant cockroach comes into view.
Found 5 stones.
You see here a scroll labelled UMMEXY ROSE.
f - a scroll labelled UMMEXY ROSE You see here 5 stones.
e - 9 stones (gained 5)
The giant cockroach bites you but does no damage.
You hit the giant cockroach.
The giant cockroach is severely wounded.
The giant cockroach bites you but does no damage.
You hit the giant cockroach but do no damage.
The giant cockroach is severely wounded.
The giant cockroach closely misses you.
You barely miss the giant cockroach.
The giant cockroach is severely wounded.
The giant cockroach barely misses you. The giant cockroach bites you.
You hit the giant cockroach.
You kill the giant cockroach!
No target in view!
HP restored.
As you open the door, it creaks loudly!
Found a stone staircase leading down.
There is an open door here.
A kobold comes into view. It is wielding a +0 dagger.
The kobold shouts!
The kobold hits you with a +0 dagger.
You hit the kobold.
You kill the kobold!
No target in view!
Things that are here:
a +0 dagger; a kobold corpse You open the door.
There is an open door here.
There is a stone staircase leading down here.
You climb downwards.
There is a stone staircase leading up here.
Found a glowing scale mail.
You see here a +0 scale mail of willpower.
You start removing your armour.
You continue taking off your +0 robe. x4
You finish taking off your +0 robe.
You start putting on your armour.
You continue putting on your +0 scale mail of willpower. x5
You finish putting on your +0 scale mail of willpower.
You feel strong-willed.
Found 3 boomerangs and 5 poisoned darts.
Found a plate armour.
An endoplasm comes into view.
The endoplasm quivers.
An endoplasm is nearby!
You see here 5 poisoned darts.
h - 5 poisoned darts
Found a stone staircase leading down.
You hit the endoplasm.
The endoplasm is heavily wounded.
The endoplasm hits you but does no damage.
You hit the endoplasm.
The endoplasm is severely wounded.
The endoplasm hits you but does no damage.
You hit the endoplasm.
The endoplasm is almost dead.
The endoplasm hits you but does no damage.
You hit the endoplasm but do no damage.
The endoplasm is almost dead.
The endoplasm hits you but does no damage.
You completely miss the endoplasm.
The endoplasm is almost dead.
The endoplasm freezes you.
You are frozen.
The endoplasm hits you but does no damage.
You hit the endoplasm.
You kill the endoplasm!
You see here 3 boomerangs.
i - 3 boomerangs
There is a stone staircase leading down here.
You climb downwards.
The orc shouts!
Found a scroll labelled UMMEXY ROSE and a spear.
There is a stone staircase leading up here.
Found a stone staircase leading down.
The orc hits you from afar with a +0 trident.
* * * LOW HITPOINT WARNING * * *
You see here a scroll labelled UMMEXY ROSE.
f - 2 scrolls labelled UMMEXY ROSE (gained 1)
The orc closely misses you. The orc closely misses you.
You hit the orc.
The orc is almost dead.
The orc hits you but does no damage.
You barely miss the orc.
The orc is almost dead.
The orc hits you but does no damage.
You hit the orc.
You kill the orc!
You have reached level 2!
Things that are here:
a +0 trident; an orc corpse
j - a +0 trident
There is a stone staircase leading down here.
You climb downwards.
The endoplasm quivers.
The adder hisses angrily.
Found 4 stones.
Found an escape hatch in the floor.
There is a stone staircase leading up here.
You hit the endoplasm but do no damage. The endoplasm freezes you.
You are frozen.
You hit the endoplasm.
The endoplasm is almost dead.
The endoplasm freezes you.
You are frozen.
You hit the endoplasm.
You kill the endoplasm!
You hit the adder.
The adder is moderately wounded.
The adder bites you but does no damage. The adder barely misses you.
You hit the adder.
The adder is moderately wounded.
The adder bites you.
* * * LOW HITPOINT WARNING * * *
The adder bites you but does no damage.
You are too injured to fight recklessly!
Cleave: a) +0 hand axe
Press: ? - help, Dir - move target, f - adder
Aim: an adder (moderately wounded, haloed, about 40% to evade your +0 hand axe)
You hit the adder.
The adder is heavily wounded.
The adder bites you but does no damage.
Cleave: a) +0 hand axe
Press: ? - help, Dir - move target, f/p - adder
Aim: an adder (heavily wounded, haloed, about 40% to evade your +0 hand axe)
You closely miss the adder.
The adder is heavily wounded.
The adder bites you but does no damage. The adder closely misses you.
Cleave: a) +0 hand axe
Press: ? - help, Dir - move target, f/p - adder
Aim: an adder (moderately wounded, haloed, about 40% to evade your +0 hand axe)
You barely miss the adder.
The adder is moderately wounded.
The adder bites you.
* * * LOW HITPOINT WARNING * * *
Cleave: a) +0 hand axe
Press: ? - help, Dir - move target, f/p - adder
Aim: an adder (moderately wounded, haloed, about 40% to evade your +0 hand axe)
You completely miss the adder.
The adder is moderately wounded.
The adder bites you but does no damage. The adder barely misses you.
Cleave: a) +0 hand axe
Press: ? - help, Dir - move target, f/p - adder
Aim: an adder (moderately wounded, haloed, about 40% to evade your +0 hand axe)
You closely miss the adder.
The adder is moderately wounded.
The adder bites you but does no damage.
Cleave: a) +0 hand axe
Press: ? - help, Dir - move target, f/p - adder
Aim: an adder (moderately wounded, haloed, about 40% to evade your +0 hand axe)
You hit the adder.
The adder is severely wounded.
The adder bites you but does no damage.
Cleave: a) +0 hand axe
Press: ? - help, Dir - move target, f/p - adder
Aim: an adder (severely wounded, haloed, about 40% to evade your +0 hand axe)
You slash the adder!
You kill the adder!
Your Axes skill increases to level 3!
Cleave: a) +0 hand axe
Press: ? - help, Dir - move target, f - you That would be overly suicidal.
Okay, then.
Unknown command.
e - 13 stones (gained 4)
There is a stone staircase leading up here.
You climb upwards.
There is a stone staircase leading down here.
A ribbon worm comes into view.
A ribbon worm is nearby!
The ribbon worm barely misses you.
You hit the ribbon worm but do no damage.
The ribbon worm closely misses you.
You hit the ribbon worm.
The ribbon worm is lightly wounded.
The ribbon worm bites you.
You slash the ribbon worm!
The ribbon worm is heavily wounded.
The ribbon worm barely misses you.
You hit the ribbon worm.
The ribbon worm is heavily wounded.
You hit the ribbon worm.
The ribbon worm is almost dead.
The ribbon worm expels a string of sticky webbing.
The stream of webbing hits you but does no damage.
You are caught in a web!
The web tears apart.
The ribbon worm bites you.
* * * LOW HITPOINT WARNING * * *
You are too injured to fight recklessly!
You hit the ribbon worm.
The ribbon worm is almost dead.
The ribbon worm bites you but does no damage.
You hit the ribbon worm.
You kill the ribbon worm!
Your Armour skill increases to level 1!
You see here a ribbon worm corpse.
As you open the door, it creaks loudly!
Found a scroll labelled VASIKAYFEM and a whip.
Found a stone staircase leading down.
An orc comes into view. It is wielding a +0 flail.
The orc shouts!
There is an open door here.
You hit the orc.
The orc is moderately wounded.
The orc hits you with a +0 flail.
* * * LOW HITPOINT WARNING * * *
The orc closely misses you.
You are too injured to fight recklessly!
You are too injured to fight recklessly!
You hit the orc but do no damage.
The orc is moderately wounded.
The orc barely misses you.
You barely miss the orc.
The orc is moderately wounded.
The orc hits you with a +0 flail!
* * * LOW HITPOINT WARNING * * *
You hit the orc.
The orc is severely wounded.
The orc hits you with a +0 flail.
You die...

....#.##..###
..........†.#
###.##.##.## #
#.##..###
#..##...# #..
###.## #..
#..# #.
####'#######
#....@o....#
#..........#
#............#
###..?.......#
......>..)..#
###..........#
############


You could see an orc.

Vanquished Creatures
  An adder (D:4)
  A ribbon worm (D:3)
  An orc (D:3)
  2 endoplasms
  A giant cockroach (D:1)
  2 kobolds (D:1)
8 creatures vanquished.

Notes
Turn   | Place    | Note
-------+----------+-------------------------------------------
     0 | D:1      | jagoly the Gargoyle Monk began the quest for the Orb.
     0 | D:1      | Reached XP level 1. HP: 14/14 MP: 1/1
   138 | D:3      | Reached XP level 2. HP: 10/19 MP: 2/2
   186 | D:3      | Reached skill level 1 in Armour
   198 | D:3      | Slain by an orc

Illustrated notes

Levels and vault maps discovered:
D:1:      dpeg_arrival_simpleton_a, layout_basic, serial_shops, shop,
          nicolae_kite_square_tiling_tiny, minmay_split_cup_small
D:2:      layout_rooms, chequers_ecumenical_altar_island, hex_medium
D:3:      layout_basic, serial_shops, nicolae_shop_crystal,
          amcnicky_mini_pool_small, uniq_grinder
D:4:      minmay_chambers_of_twos, layout_cave_pools,
          mainiacjoe_overflow_alcove_1, kennysheep_mini

Skill      XL: |  1  2 |
---------------+-------+-----
Axes           | 3 |  3.1
Armour         | 1 |  1.0
Fighting       | |  3.5
Dodging        | |  2.6

Action                     || total
---------------------------++-------
  Melee: Hand axe          ||    39
 Armour: Scale mail        ||    23
         Robe              ||     4
  Dodge: Dodged            ||    13
